 Dungeon Crawl Stone Soup version 0.29.1-1-gd02db6906a (webtiles) character file.

Game seed: 4108555246131812782

32 hawla the Firebug (level 3, -2/26 HPs)
             Began as a Meteoran Fire Elementalist on Oct 3, 2022.
             Slain by Natasha (4 damage)
             ... on level 2 of the Dungeon.
             The game lasted 00:02:52 (1024 turns).

hawla the Firebug (Meteoran Fire Elementalist)      Turns: 1024, Time: 00:02:52

Health: -2/26      AC:  3    Str: 10    XL:     3   Next: 67%
Magic:  4/8        EV: 12    Int: 18    God:
Gold:   51         SH:  0    Dex:  9    Spells: 5/8 levels left

rFire   + . .      SeeInvis .   j - +7 short sword of Ancient Evil {vamp, rF+ Will+++ rCorr Dex-5}
rCold   . . .      Faith    .   (no shield)
rNeg    . . .      Spirit   .   a - +0 robe
rPois   .          Reflect  .   (no helmet)
rElec   .          Harm     .   (no cloak)
rCorr   +          Rampage  .   (no gloves)
Will    +++..                   g - +0 pair of boots
Stlth   +.........              i - amulet of regeneration
HPRegen 0.88/turn               (no ring)
MPRegen 0.11/turn               (no ring)

@: lethally poisoned (-2 -> -2), glowing
A: sense surroundings 1, otherworldly, glowing, explore regen
a: no special abilities


You were on level 2 of the Dungeon.
You visited 1 branch of the dungeon, and saw 2 of its levels.

You collected 51 gold pieces.

Inventory:

Hand Weapons
 j - the +7 short sword of Ancient Evil (weapon) {vamp, rF+ Will+++ rCorr Dex-5}
   (You found it on level 2 of the Dungeon)

   It occasionally heals its wielder for a portion of the damage dealt when it
   wounds a living foe.
   Dex:       It affects your dexterity (-5).
   rF:        It protects you from fire.
   rCorr:     It protects you from acid and corrosion.
   Will:      It greatly increases your willpower.
Armour
 a - a +0 robe (worn)
 g - a +0 pair of boots (worn)
Jewellery
 i - an amulet of regeneration (around neck)
Scrolls
 e - a scroll of identify
 f - a scroll of silence {unknown}
 h - a scroll of enchant armour {unknown}
Potions
 b - a potion of magic
 c - a potion of haste
 d - a potion of flight {unknown}


   Skills:
 + Level 2.4 Dodging
 + Level 1.5 Stealth
 + Level 3.2 Spellcasting
 + Level 1.4 Conjurations
 + Level 4.6 Fire Magic


You had 5 spell levels left.
You knew the following spells:

 Your Spells              Type           Power      Damage    Failure   Level
a - Foxfire               Conj/Fire      52%        2x1d6     4%          1
b - Scorch                Fire           38%        2d7       3%          2

Your spell library contained the following spells:

 Spells                   Type           Power      Damage    Failure   Level
 Conjure Flame            Conj/Fire      13%        6-21      14%         3
 Inner Flame              Hex/Fire       11%        N/A       19%         3
 Flame Wave               Conj/Fire      13%        2d6       41%         4
 Portal Projectile        Hex/Tloc       4%         N/A       43%         3
 Lee's Rapid Deconstruct  Erth           1%         3d5*      99%         5
 Silence                  Hex/Air        1%         N/A       99%         5
 Yara's Violent Unravell  Hex/Tmut       1%         3d3       99%         5


Dungeon Overview and Level Annotations

Branches:
Dungeon (2/15) Zot: 175

Altars:

Annotations:
D:2 Natasha


Innate Abilities, Weirdness & Mutations

You passively map a small area around you.
You are easily found by Zot.
You glow in the dark.
You regain HP and MP as you explore.


Message History

The adder hisses angrily.
Natasha claws you. The adder barely misses you.
Casting: Scorch (safe; 3% risk of failure)
Confirm with . or Enter, or press ? or * to list all spells.
Flames lash Natasha.
Natasha is lightly wounded.
Natasha's fire resistance burns away.
You hear a shout!
The adder barely misses you. Natasha claws you.
Casting: Scorch (safe; 3% risk of failure)
Confirm with . or Enter, or press ? or * to list all spells.
You conjure some foxfire!
The adder bites you.
You are poisoned.
The adder poisons you! Natasha claws you.
You feel sick.
Natasha is no longer more vulnerable to fire.
The foxfire hits Natasha.
Natasha is moderately wounded.
The foxfire hits Natasha.
Natasha is heavily wounded.
The adder closely misses you.
Natasha howls an incantation.
Natasha shimmers violently.
Natasha casts a spell at you. The magic dart hits you.
* * * LOW HITPOINT WARNING * * *
Casting: Foxfire (safe; 4% risk of failure)
Confirm with . or Enter, or press ? or * to list all spells.
Flames lash the adder.
The adder is moderately wounded.
The adder's fire resistance burns away.
You feel sick. The adder closely misses you.
The adder bites you but does no damage.
Natasha stares at you and mumbles some strange words.
The magic dart hits you.
* * * LOW HITPOINT WARNING * * *
Okay, then.
You miss Natasha.
Natasha is heavily wounded.
You feel sick. The adder barely misses you. Natasha claws you.
You die...

, , * .##.#**.## *
.##.# ,... , ,, ,.
..# ..,* * , ###.
... ..* ..# #.# .#
* , , #.# #.# .# *
#.###.###.###S###.#
,
#...........@.....#
, , *
#####.######hw.####
###.# *.....#
##.#.# * .......# ,
,
##....###....$....#
,
#.................+
##................#
*
#..#.##.#.......##
#.##.# .#*., *


You could see Natasha, an adder (combustible) and a dart slug.

Vanquished Creatures
  An adder (D:2)
  A worm (D:2)
  3 endoplasms (D:1)
  A goblin (D:1)
  3 hobgoblins
  2 kobolds
  2 quokkas (D:1)
  3 ball pythons (D:1)
  A bat (D:1)
  A frilled lizard (D:2)
  2 rats
20 creatures vanquished.

Vanquished Creatures (others)
  28 foxfires
28 creatures vanquished.

Grand Total: 48 creatures vanquished

Notes
Turn   | Place    | Note
-------+----------+-------------------------------------------
     0 | D:1      | hawla the Meteoran Fire Elementalist began the quest for
                  | the Orb.
     0 | D:1      | Reached XP level 1. HP: 14/14 MP: 5/5
   111 | D:1      | Reached XP level 2. HP: 13/20 MP: 3/6
   126 | D:1      | Reached skill level 4 in Fire Magic
   149 | D:1      | Learned a level 2 spell: Scorch
   277 | D:1      | Found a faded altar of an unknown god.
   295 | D:1      | Got Sif Muna's Papyrus of Enchantment and the Boulder
   416 | D:1      | Reached XP level 3. HP: 26/26 MP: 5/8
   500 | D:1      | Glimpsed the power of Zot.
  1013 | D:2      | Identified the +7 short sword of Ancient Evil {vamp, rF+
                  | Will+++ rCorr Dex-5}
  1014 | D:2      | Noticed Natasha
  1024 | D:2      | Slain by Natasha

Illustrated notes

Levels and vault maps discovered:
D:1:      dpeg_arrival_orchard, layout_basic, basic_ecumenical_altar
D:2:      layout_loops_corners, uniq_natasha, uniq_terence

Skill      XL: |  1  2  3 |
---------------+----------+-----
Fire Magic     | 4 |  4.6
Spellcasting   | 3 |  3.2
Dodging        | |  2.4
Stealth        | |  1.5
Conjurations   | |  1.4

Action                   || total
-------------------------++-------
Melee: Unarmed           ||     4
       Short sword       ||     1
 Cast: Foxfire           ||    20
       Scorch            ||    11
  Use: Scroll            ||     4
Armor: Robe              ||     4
Dodge: Dodged            ||    11
